 Dungeon Crawl Stone Soup version 0.31-a0-700-gf13585253f (webtiles) character file.

Game seed: 5679065158349331833

702 qw the Shooter (level 7, -4/44 HPs)
             Began as a Gargoyle Hunter on Sept 7, 2023.
             Was an Initiate of Okawaru.
             Killed from afar by an orc wizard (6 damage)
             ... with a puff of flame
             ... on level 5 of the Dungeon.
             The game lasted 00:01:49 (4218 turns).

qw the Shooter (Gargoyle Hunter)                    Turns: 4218, Time: 00:01:49

Health: -4/44      AC: 11    Str: 15    XL:     7   Next: 66%
Magic:  7/7        EV: 11    Int:  9    God:    Okawaru [......]
Gold:   181        SH:  5    Dex: 15    Spells: 6/6 levels left

rFire   . . .        Y - +1 shortbow
rCold   + . .        (shield currently unavailable)
rNeg    + . .        j - +0 ring mail
rPois   inf          (no helmet)
rElec   +            (no cloak)
rCorr   .            (no gloves)
SInv    .            a - +0 pair of boots
Will    .....        e - amulet of reflection
Stlth   +            b - ring of protection from cold
HPRegen 0.27/turn    (no ring)
MPRegen 0.10/turn

%: reflection
@: no status effects
A: sickness immunity, AC +4, negative energy resistance 1, electricity
resistance, torment resistance 1, petrification resistance
a: Renounce Religion


You were on level 5 of the Dungeon.
You worshipped Okawaru.
Okawaru was noncommittal.
You visited 1 branch of the dungeon, and saw 5 of its levels.
You also visited: Sewer.

You collected 181 gold pieces.


Innate Abilities, Weirdness & Mutations

You are immune to sickness and miasma.
Your stone body is resilient. (AC +4)
You are immune to poison.
You resist negative energy. (rN+)
You are resistant to electric shocks. (rElec)
You are resistant to unholy torment.
You are immune to petrification.


   Skills:
 - Level 4.8 Fighting
 + Level 7.9 Ranged Weapons
 - Level 2.1 Armour
 - Level 1.5 Dodging
 - Level 1.1 Stealth


You had 6 spell levels left.
You didn't know any spells.
Your spell library was empty.

Inventory:

Hand Weapons
 Y - a +1 shortbow (weapon)
Armour
 a - a +0 pair of boots (worn)
 j - a +0 ring mail (worn)
Jewellery
 b - a ring of protection from cold (left hand)
 e - an amulet of reflection (around neck)
Scrolls
 i - a scroll of identify
 l - a scroll of revelation {unknown}
Potions
 d - 3 potions of resistance
 f - a potion of attraction {unknown}
 g - a potion of heal wounds {unknown}
 h - a potion of mutation {unknown}
 k - a potion of might

Dungeon Overview and Level Annotations

Branches:
Dungeon (5/15)              Sewer (visited)
 Temple: D:4-7

Altars:
Elyvilon
Okawaru
Sif Muna

Shops:
D:4 :

Annotations:
D:4 3 runed translucent doors, qw's ghost, amateur GrHu


Message History

The orc priest is healed somewhat.
The orc priest barely misses you. Something hits you but does no damage.
You shoot an arrow.
The arrow hits the orc priest but does no damage.
The orc priest is lightly wounded.
You block the orc priest's attack.
The orc priest invokes the aid of Beogh against you.
Beogh smites you! You block something's attack.
You shoot an arrow.
The arrow closely misses the orc priest.
The orc priest barely misses you.
The orc priest hits you but does no damage.
Something hits you.
You shoot an arrow.
The arrow hits the orc priest but does no damage.
The orc priest is lightly wounded.
The orc priest hits you with a +4 dagger of protection.
The orc priest casts a cantrip, but nothing happens.
Something hits you.
You shoot an arrow.
The arrow hits the orc priest but does no damage.
The orc priest is lightly wounded.
The orc priest closely misses you. Something hits you.
The orc priest closely misses you.
You shoot an arrow.
The arrow closely misses the orc priest.
The orc priest hits you but does no damage.
Something hits you but does no damage.
The orc priest hits you but does no damage.
You shoot an arrow.
The arrow completely misses the orc priest.
The orc priest hits you but does no damage.
Something hits you but does no damage. You block the orc priest's attack.
You shoot an arrow. The arrow barely misses the orc priest.
The orc priest calls upon Beogh to heal the orc priest.
The orc priest's wounds heal themselves!
You hear some strange, mumbled words.
A puff of flame appears from out of thin air!
The puff of flame hits you.
You die...

... ..## .o.# #.?# P
#.. ##. ##'##### #..
#......# #.###
#.....{######.#<#
#.....o@....#...# .#
#.....o####.#...#....
#......## #.#.........
#.......# #...#.#....#
#.......####)##.#....#
#........###))....####
#####'##....####..#
#.#####..>....# #.#
#########


You could see 2 orc priests.

Vanquished Creatures
  An ice beast (D:3)
  An ogre (D:4)
  2 scorpions
  A hound (D:4)
  A jelly (D:3)
  2 orc priests (D:5)
  Jessica (D:3)
  3 orc wizards
  6 adders
  3 river rats (Sewer)
  2 worms (D:3)
  16 orcs
  6 bats
  8 endoplasms
  7 giant cockroaches
  4 goblins
  7 hobgoblins
  5 jackals
  6 quokkas
  3 ball pythons
  4 frilled lizards
  5 kobolds
  10 rats
104 creatures vanquished.

Notes
Turn   | Place    | Note
-------+----------+-------------------------------------------
     0 | D:1      | qw the Gargoyle Hunter began the quest for the Orb.
     0 | D:1      | Reached XP level 1. HP: 12/12 MP: 1/1
     0 | D:1      | 0 ||| qw: Version: 0.3-a-76-g4403597
     0 | D:1      | 0 ||| qw: Game counter: 637
     0 | D:1      | 0 ||| qw: Melee chars always use a shield: true
     0 | D:1      | 0 ||| qw: God list: Okawaru
     0 | D:1      | 0 ||| qw: Allow faded altars: false
     0 | D:1      | 0 ||| qw: Do Orc after clearing Dungeon:15 true
     0 | D:1      | 0 ||| qw: Do second Lair branch before Depths: true
     0 | D:1      | 0 ||| qw: Lair rune preference: random
     0 | D:1      | 0 ||| qw: Goals: Normal
     0 | D:1      | 0 ||| PLANNING D:1-11
   315 | D:1      | Reached XP level 2. HP: 17/17 MP: 2/2
  1011 | D:1      | 1011 ||| UPGRADING to amulet of reflection.
  1016 | D:1      | 1016 ||| READING scroll labelled DUMESUE HIANK.
  1017 | D:1      | 1017 ||| DROPPING scroll of butterflies.
  1036 | D:2      | 1036 ||| STAIRDANCE
  1186 | D:2      | Reached XP level 3. HP: 21/21 MP: 3/3
  1232 | D:2      | Found a faded altar of an unknown god.
  1255 | D:2      | Reached skill level 5 in Ranged Weapons
  1595 | D:2      | 1595 ||| UPGRADING to +0 pair of boots.
  1600 | D:2      | 1600 ||| UPGRADING to +0 ring mail.
  1610 | D:2      | 1610 ||| DROPPING +0 leather armour.
  1611 | D:2      | 1611 ||| UPGRADING to ring of protection from cold.
  1612 | D:2      | 1612 ||| READING scroll labelled CENUPA QAYTT.
  1617 | D:2      | 1617 ||| READING scroll labelled UFU REACIK.
  1618 | D:2      | 1618 ||| READING scroll labelled YNUIJE ZOIFAZ.
  1619 | D:2      | 1619 ||| DRINKING 2 inky potions.
  1620 | D:2      | 1620 ||| DROPPING potion of brilliance.
  1637 | D:3      | 1637 ||| PLANNING SEWER
  1669 | D:3      | 1669 ||| FLEEEEING.
  1670 | D:3      | 1670 ||| FLEEEEING.
  1671 | D:3      | 1671 ||| FLEEEEING.
  1672 | D:3      | 1672 ||| FLEEEEING.
  1673 | D:3      | 1673 ||| FLEEEEING.
  1674 | D:3      | 1674 ||| FLEEEEING.
  1679 | D:3      | 1679 ||| STAIRDANCE
  1722 | D:3      | 1722 ||| STAIRDANCE
  1729 | D:3      | Reached XP level 4. HP: 26/26 MP: 4/4
  1802 | D:3      | Noticed Jessica
  1818 | D:3      | Reached skill level 3 in Fighting
  1818 | D:3      | Killed Jessica
  1819 | D:3      | Reached XP level 5. HP: 26/32 MP: 5/5
  1850 | D:3      | Found a shimmering blue altar of Sif Muna.
  2025 | D:3      | Found a glowing drain.
  2026 | D:3      | 2026 ||| READING scroll labelled KILUEB JATENK.
  2127 | D:3      | 2127 ||| READING scroll labelled CIACEQ VEULI.
  2128 | D:3      | 2128 ||| READING scroll labelled PERAUN XITIDIKK.
  2129 | D:3      | 2129 ||| DRINKING 2 silvery potions.
  2146 | Sewer    | Entered a sewer
  2203 | Sewer    | 2203 ||| Stepping ~*~*~tactically~*~*~ (water).
  2264 | Sewer    | Reached skill level 6 in Ranged Weapons
  2409 | Sewer    | 2409 ||| READING scroll labelled ESASUKHLIDWI.
  2683 | Sewer    | 2683 ||| DRINKING 3 glowing green potions.
  2740 | D:3      | 2740 ||| PLANNING D:1-11
  2771 | D:3      | Reached XP level 6. HP: 38/38 MP: 6/6
  2833 | D:3      | Found a white marble altar of Elyvilon.
  3070 | D:3      | Noticed an ice beast
  3100 | D:3      | Killed an ice beast
  3320 | D:4      | 3320 ||| STAIRDANCE
  3360 | D:4      | 3360 ||| STAIRDANCE
  3408 | D:4      | Found an iron altar of Okawaru.
  3409 | D:4      | 3409 ||| PLANNING OKAWARU WORSHIP
  3413 | D:4      | Became a worshipper of Warmaster Okawaru
  3414 | D:4      | 3414 ||| PLANNING D:1-11
  3512 | D:4      | HP: 5/40 [ogre/+0 giant spiked club (14)]
  3513 | D:4      | 3513 ||| READING scroll of teleportation.
  3516 | D:4      | Reached XP level 7. HP: 7/44 MP: 7/7
  3679 | D:4      | Reached skill level 7 in Ranged Weapons
  3736 | D:4      | Found Safoacil's Book Shoppe.
  3804 | D:4      | Found a runed translucent gate.
  3805 | D:4      | Found a runed translucent gate.
  3806 | D:4      | Found a runed translucent gate.
  3808 | D:4      | Noticed qw's ghost (amateur GrHu)
  3974 | D:4      | 3974 ||| READING 2 scrolls labelled GOAMAGRIQI.
  3975 | D:4      | 3975 ||| READING scroll labelled DECU ILULUF.
  3976 | D:4      | 3976 ||| DRINKING 2 fizzy red potions.
  3998 | D:5      | Entered Level 5 of the Dungeon
  4003 | D:5      | 4003 ||| STAIRDANCE
  4067 | D:5      | 4067 ||| STAIRDANCE
  4147 | D:5      | 4147 ||| Stepping ~*~*~tactically~*~*~ (outnumbered).
  4149 | D:5      | 4149 ||| RETREATING.
  4151 | D:5      | 4151 ||| Stepping ~*~*~tactically~*~*~ (outnumbered).
  4153 | D:5      | 4153 ||| Stepping ~*~*~tactically~*~*~ (outnumbered).
  4155 | D:5      | Reached * piety under Okawaru
  4157 | D:5      | 4157 ||| INVOKING Heroism.
  4165 | D:5      | 4165 ||| DRINKING potion of curing.
  4165 | D:5      | 4165 ||| (to cure confusion)
  4199 | D:5      | 4199 ||| RETREATING.
  4200 | D:5      | 4200 ||| Stepping ~*~*~tactically~*~*~ (outnumbered).
  4205 | D:5      | 4205 ||| Stepping ~*~*~tactically~*~*~ (retreating).
  4206 | D:5      | 4206 ||| Stepping ~*~*~tactically~*~*~ (retreating).
  4212 | D:5      | HP: 10/44 [orc priest/divine providence (13)]
  4214 | D:5      | HP: 4/44 [orc priest/+4 dagger of protection (4)]
  4215 | D:5      | HP: 1/44 [something (2)]
  4218 | D:5      | Killed from afar by an orc wizard

Levels and vault maps discovered:
D:1:      dpeg_arrival_refuge, layout_basic, supply_closet_lemuel, minivault_5
D:2:      layout_basic, ebering_ecumenical_altar_petrified,
          hangedman_decor_growths, lemuel_flame_loot_1
D:3:      minmay_razor_zed, layout_basic, mainiacjoe_overflow_brackets, tgw_sif,
          portal_sewer_entry_f, hex_large
D:4:      layout_cave_pools, hellmonk_okawaru_the_only_friend_you_need,
          serial_shops, nicolae_book_shop_shelving, gammafunk_ghost_necromancy,
          serial_bayou_pond_a
D:5:      layout_basic, grunt_temple_overflow_growth_and_decay,
          vehumet_crystals, mainiacjoe_overflow_large_starburst,
          minmay_temple_entry_overgrown, hangedman_abyss_or_decor_passed,
          water_maze_lemuel

Skill      XL: |  1  2  3  4  5  6  7 |
---------------+----------------------+-----
Ranged Weapons | 5 6 7 |  7.9
Armour         | 2 |  2.1
Fighting       | 3 4 |  4.8
Dodging        | |  1.5
Stealth        | |  1.1

Action                     |  1- 3 |  4- 6 |  7- 9 || total
---------------------------+-------+-------+-------++-------
   Fire: Shortbow          |   101 |   256 |    70 ||   427
 Invoke: Heroism           |       |       |     1 ||     1
    Use: Scroll            |     4 |     5 |     2 ||    11
         Potion            |     1 |     2 |     2 ||     5
 Armour: Leather armour    |    19 |       |       ||    19
         Ring mail         |    12 |    96 |    37 ||   145
  Dodge: Dodged            |    18 |    98 |    25 ||   141
  Block: Other             |     5 |    32 |    14 ||    51

Table legend:
 A = Non-vault XP
 B = Vault XP
 C = Vault XP percentage of total XP
 D = Non-vault monster count
 E = Vault monster count
 F = Vault count percentage of total count
                 A         B        C        D         E       F
            +---------+---------+-------+---------+---------+-------
      Total |     704 |     299 |  29.8 |      67 |      37 |  35.6
            +---------+---------+-------+---------+---------+-------
        D:1 |      19 |       0 |   0.0 |      11 |       0 |   0.0
        D:2 |      34 |       0 |   0.0 |      14 |       0 |   0.0
        D:3 |     164 |     187 |  53.3 |      23 |      15 |  39.5
        D:4 |     290 |       0 |   0.0 |      15 |       0 |   0.0
        D:5 |     197 |       0 |   0.0 |       4 |       0 |   0.0
      Sewer |       0 |     112 | 100.0 |       0 |      22 | 100.0
            +---------+---------+-------+---------+---------+-------
